 Dungeon Crawl Stone Soup version 0.30.1-11-g7821555f0a (webtiles) character file.

Game seed: 2573416428539287982

89 leafyfresh the Trooper (level 4, -16/39 HPs)
             Began as a Barachi Delver on Nov 16, 2023.
             Demolished by an ogre
             ... wielding a +0 giant spiked club
              (22 damage)
             ... on level 4 of the Dungeon.
             The game lasted 00:02:01 (580 turns).

leafyfresh the Trooper (Barachi Delver)              Turns: 580, Time: 00:02:02

Health: -16/39     AC: 10    Str: 13    XL:     4   Next: 55%
Magic:  4/4        EV: 12    Int: 10    God:
Gold:   25         SH:  0    Dex: 16    Spells: 3/3 levels left

rFire   . . .        i - +2 long sword (protect)
rCold   . . .        (no shield)
rNeg    . . .        b - +0 leather armour
rPois   .            (no helmet)
rElec   .            (no cloak)
rCorr   .            (no gloves)
SInv    .            (no boots)
Will    .....        (no amulet)
Stlth   +++          (no ring)
HPRegen 0.26/turn    (no ring)
MPRegen 0.09/turn

%: no passive effects
@: under a protective aura, unable to hop, slow
A: amphibious, slowness 1, strong legs 1, +LOS
a: Hop


You were on level 4 of the Dungeon.
You visited 2 branches of the dungeon, and saw 3 of its levels.

You collected 25 gold pieces.

Inventory:

Hand Weapons
 a - a +0 falchion
 i - a +2 long sword of protection (weapon)
Armour
 b - a +0 leather armour (worn)
Magical Staves
 k - a staff of conjuration
Wands
 g - a wand of digging (3)
Scrolls
 c - a scroll of fog
 d - a scroll of magic mapping
 e - a scroll of fear
 j - a scroll of torment {unknown}
Potions
 f - a potion of haste
 h - a potion of curing {unknown}


   Skills:
 + Level 5.1 Fighting
 + Level 4.3 Long Blades
 - Level 2.1 Dodging
 - Level 4.5 Stealth


You had 3 spell levels left.
You didn't know any spells.
Your spell library contained the following spells:

 Spells                   Type           Power      Damage    Failure   Level
 Ozocubu's Armour         Ice            0%         N/A       82%         3
 Metabolic Englaciation   Hex/Ice        0%         N/A       100%        5
 Simulacrum               Ice/Necr       0%         N/A       100%        6


Dungeon Overview and Level Annotations

Branches:
Dungeon (5/15)             Temple (1/1) D:5

Altars:
Ashenzari
Elyvilon
Fedhas
Kikubaaqudgha
Makhleb
Nemelex Xobeh
Okawaru
Sif Muna
Trog
Uskayaw
Wu Jian
Yredelemnul
Zin


Innate Abilities, Weirdness & Mutations

You are amphibious.
You cover ground slowly.
You can hop short distances.
You have an extended range of vision and can be seen from far away.


Message History

Your Fighting skill increases to level 5!
Your Long Blades skill increases to level 4!
You have reached level 4!
You feel agile.
An ogre comes into view. It is wielding a +0 giant spiked club.
The gnoll barely misses you.
Things that are here:
a +0 halberd; 6 stones; a hound corpse The ogre shouts!
You slash the gnoll!
The gnoll is severely wounded.
The gnoll barely misses you.
You slash the gnoll!
You kill the gnoll!
Things that are here:
a +0 halberd; a gnoll corpse
Things that are here:
a +0 halberd; 6 stones; a hound corpse
Things that are here:
a +0 club; a goblin corpse Hop to where?
Press: ? - help, Dir - move target Boing!
Unknown command.
You hit the ogre.
Your weapon exudes an aura of protection.
The ogre is lightly wounded.
The ogre closely misses you.
You completely miss the ogre.
The ogre is lightly wounded.
You hit the ogre.
The ogre is lightly wounded.
The ogre hits you with a +0 giant spiked club!!
Ouch! That really hurt!
* * * LOW HITPOINT WARNING * * *
You slash the ogre!
The ogre is moderately wounded.
The ogre hits you with a +0 giant spiked club!!
Ouch! That really hurt!
You die...

#.~#######.~# #.#
##~.~.~~.~.## #.#
#####..~...~## #.#
##.############ #.#
#.........# #.# #.#
###.....##.###.# #.#
....#..###.....# #.#
###.#..# ##....#######.#
#.##.####.#...@O.....#
###.##.#.P#.############
....##.####..........
....##.####.##.......
###............######
##############


You could see an ogre.

Vanquished Creatures
  2 hounds (D:4)
  2 gnolls (D:4)
  2 orcs (D:4)
  A goblin (D:4)
  A hobgoblin (D:4)
  A kobold (D:4)
  2 ball pythons (D:4)
11 creatures vanquished.

Notes
Turn   | Place    | Note
-------+----------+-------------------------------------------
     0 | D:5      | leafyfresh the Barachi Delver began the quest for the Orb.
     0 | D:5      | Reached XP level 1. HP: 18/18 MP: 1/1
    24 | D:5      | Found a staircase to the Ecumenical Temple.
    35 | Temple   | Entered the Ecumenical Temple
   153 | D:5      | Noticed an ice beast
   293 | D:4      | Reached XP level 2. HP: 21/25 MP: 2/2
   356 | D:4      | Reached skill level 4 in Fighting
   545 | D:4      | Reached XP level 3. HP: 26/31 MP: 3/3
   551 | D:4      | Reached skill level 5 in Fighting
   551 | D:4      | Reached XP level 4. HP: 18/39 MP: 4/4
   551 | D:4      | Noticed an ogre
   580 | D:4      | Demolished by an ogre

Illustrated notes

Levels and vault maps discovered:
D:4:      layout_loops_ring, serial_aquarium, aquarium_bridge_square
          [aquarium_subvault_bridge, aquarium_subvault_wall,
          aquarium_subvault_bridge, aquarium_subvault_wall],
          aquarium_window_fake, aquarium_window_1, aquarium_window_fake,
          aquarium_window_fake, aquarium_view_2b, aquarium_balcony_5b,
          aquarium_pool_1, dreamdust_gnoll_farm
D:5:      layout_loops_ring, minmay_temple_entry_statues_fountains
Temple:   dshaligram_water_room_temple

Skill      XL: |  1  2  3 |
---------------+----------+-----
Fighting       | 4 5 |  5.1
Long Blades    | 3 4 |  4.3
Dodging        | |  2.1
Stealth        | |  4.5

Action                     |  1- 3 |  4- 6 || total
---------------------------+-------+-------++-------
  Melee: Long sword        |    35 |     6 ||    41
Ability: Hop               |     1 |     1 ||     2
   Stab: Sleeping          |     2 |       ||     2
 Armour: Leather armour    |    10 |       ||    10
  Dodge: Dodged            |    47 |     3 ||    50
